 Dungeon Crawl Stone Soup version 0.27.1-33-g824d729ab1 (webtiles) character file.

Game seed: 12420390776729547912

230 sking99 the Poker (level 6, -4/32 HPs)
             Began as a Vine Stalker Fighter on Dec 11, 2021.
             Engulfed by a steam dragon's steam (8 damage)
             ... on level 4 of the Dungeon.
             The game lasted 00:04:21 (2527 turns).

sking99 the Poker (Vine Stalker Fighter)            Turns: 2527, Time: 00:04:21

Health: -4/32      AC:  6    Str: 21    XL:     6   Next: 3%
Magic:  0/16       EV:  7    Int:  8    God:
Gold:   157        SH:  9    Dex: 13    Spells: 5/5 levels left

rFire    . . .     SeeInvis .   a - +0 trident
rCold    . . .     Faith    .   c - +0 kite shield
rNeg     . . .     Spirit   +   b - +0 scale mail
rPois    +         Reflect  .   (no helmet)
rElec    .         Harm     .   (no cloak)
rCorr    .         Rampage  .   (no gloves)
Will     .....                  (no boots)
Stlth    ..........             v - amulet of regeneration
HPRegen  2.10/turn              j - ring of magical power
MPRegen  0.15/turn              n - ring of poison resistance

@: no status effects
A: fangs 2, regeneration 1, magic shield, antimagic bite, no potion heal 2
a: no special abilities


You were on level 4 of the Dungeon.
You visited 1 branch of the dungeon, and saw 4 of its levels.

You collected 157 gold pieces.

Inventory:

Hand Weapons
 a - a +0 trident (weapon)
Armour
 b - a +0 scale mail (worn)
 c - a +0 kite shield (worn)
Jewellery
 j - a ring of magical power (left hand)
 n - a ring of poison resistance (right hand)
 u - a ring of protection from fire
 v - an amulet of regeneration (around neck)
Scrolls
 g - a scroll of acquirement
 i - 2 scrolls of teleportation
 l - a scroll of amnesia {unknown}
 m - 2 scrolls of magic mapping {unknown}
 r - a scroll of blinking {unknown}
 s - a scroll of brand weapon {unknown}
Potions
 d - 3 potions of might
 k - a potion of invisibility {unknown}
 o - a potion of mutation {unknown}
 p - a potion of resistance {unknown}
 q - 2 potions of flight
 t - a potion of magic {unknown}
 w - a potion of curing


   Skills:
 + Level 3.5 Fighting
 * Level 3.7 Polearms
 + Level 3.2 Armour
 + Level 3.5 Shields


You had 5 spell levels left.
You didn't know any spells.
Your spell library contained the following spells:

 Spells                   Type           Power      Damage    Failure   Level
 Tukima's Dance           Hex            0%         N/A       100%        3
 Passage of Golubria      Tloc           N/A        N/A       100%        4
 Yara's Violent Unravell  Hex/Tmut       0%         3d3       100%        5


Dungeon Overview and Level Annotations

Branches:
Dungeon (4/15)
 Temple: D:4-7

Altars:

Shops:
D:2 !


Innate Abilities, Weirdness & Mutations

You have extremely sharp teeth.
Your natural rate of healing is unusually fast.
When hurt, damage is shared between your health and your magic reserves.
Your bite disrupts and absorbs the magic of your enemies.
Potions cannot restore your health.


Message History

The steam dragon claws you but does no damage.
The steam dragon breathes steam at you. The ball of steam hits you!
You hit the steam dragon. Your bite misses the steam dragon.
The steam dragon is heavily wounded.
You are engulfed in a cloud of scalding steam.
You block the steam dragon's attack. The steam dragon claws you.
You completely miss the steam dragon. Your bite misses the steam dragon.
The steam dragon is heavily wounded.
A centaur skeleton comes into view.
The steam dragon bites you but does no damage.
The steam dragon barely misses you.
You barely miss the steam dragon. Your bite misses the steam dragon.
The steam dragon is heavily wounded.
The steam dragon bites you but does no damage.
You block the steam dragon's attack. The steam dragon bites you.
The steam dragon claws you.
You hit the steam dragon but do no damage.
You bite the steam dragon, but do no damage.
The steam dragon is heavily wounded.
The steam dragon bites you!
The steam dragon claws you but does no damage.
You barely miss the steam dragon.
You bite the steam dragon, but do no damage.
The steam dragon is heavily wounded.
You block the steam dragon's attack. The steam dragon completely misses you.
A giant cockroach comes into view.
You hit the steam dragon but do no damage.
The steam dragon is heavily wounded.
You block the centaur skeleton's attack.
The centaur skeleton kicks you but does no damage.
The steam dragon bites you! The steam dragon claws you.
The steam dragon breathes steam at you. The ball of steam hits you!
* * * LOW HITPOINT WARNING * * *
You hear a shout!
You closely miss the steam dragon.
The steam dragon is heavily wounded.
You are engulfed in a cloud of scalding steam.
You die...

#########.#....#.
........D........
######..#####.##
#.## # ##.# #.
#.[# #.#.##
#...#####
###.ZD@ยง#
#...w..#
...B.###### ##.##
#.. ... ##


You could see a steam dragon, a dart slug, a giant cockroach and a centaur
skeleton.

Vanquished Creatures
  A water moccasin (D:3)
  Natasha (twice) (D:2)
  A gnoll (D:1)
  2 adders (D:3)
  A dart slug (D:3)
  An orc (D:3)
  5 endoplasms
  5 goblins
  6 hobgoblins
  2 jackals (D:3)
  A quokka (D:1)
  7 ball pythons
  5 bats
  A frilled lizard (D:3)
  3 kobolds
  7 rats
50 creatures vanquished.

Notes
Turn   | Place    | Note
-------+----------+-------------------------------------------
     0 | D:1      | sking99 the Vine Stalker Fighter began the quest for the
                  | Orb.
     0 | D:1      | Reached XP level 1. HP: 11/11 MP: 2/2
    97 | D:1      | Reached XP level 2. HP: 16/16 MP: 3/3
   384 | D:1      | Reached XP level 3. HP: 13/19 MP: 2/4
   496 | D:1      | Found a faded altar of an unknown god.
   651 | D:2      | Found Xogross's Distillery.
   877 | D:2      | Noticed Natasha
   887 | D:2      | Killed Natasha
   888 | D:2      | Gained mutation: Your natural rate of healing is unusually
                  | fast. [Vine Stalker growth]
   888 | D:2      | Reached XP level 4. HP: 13/24 MP: 5/5
  1205 | D:2      | Noticed Natasha
  1212 | D:2      | Killed Natasha
  1591 | D:3      | Noticed a water moccasin
  1597 | D:3      | Killed a water moccasin
  1598 | D:3      | Reached XP level 5. HP: 25/28 MP: 4/6
  2046 | D:3      | Reached XP level 6. HP: 32/32 MP: 7/7
  2444 | D:4      | Identified a scroll of acquirement
  2501 | D:4      | Noticed a steam dragon
  2527 | D:4      | Engulfed by a steam dragon's steam

Illustrated notes

Levels and vault maps discovered:
D:1:      ebering_trefoil_3fold, layout_rooms, shapermc_ecumenical_altar_pompeii
D:2:      layout_basic, serial_shops, shop_fountains,
          minmay_misc_feat_more_columns, minmay_tetromino_t4, uniq_natasha
D:3:      layout_loops_corners
D:4:      layout_rooms, serial_shops, nicolae_shop_crystal, uniq_menkaure,
          uniq_ijyb

Skill      XL: |  1  2  3  4 |
---------------+-------------+-----
Polearms       | 2 3 |  3.7
Fighting       | 3 |  3.5
Shields        | 3 |  3.5
Armour         | 3 |  3.2

Action                   |  1- 3 |  4- 6 || total
-------------------------+-------+-------++-------
Melee: Trident           |    77 |    95 ||   172
       Bite              |    14 |    16 ||    30
  Use: Potion            |       |     1 ||     1
       Scroll            |       |     5 ||     5
Armor: Scale mail        |    24 |    38 ||    62
Dodge: Dodged            |    21 |    25 ||    46
Block: Kite shield       |    37 |    53 ||    90
